 Dungeon Sprint DCSS version 0.28-a0-1395-g4f6bc678fa (webtiles) character file.

Game seed: 14160001631895227652

1810 rocky1 the Blocker (level 9, 0/78 HPs)
             Began as a Gnoll Fighter on Jan 5, 2022.
             Was an Initiate of Gozag.
             Slain by a troll (8 damage)
             ... led by an orc high priest
             ... in the Dungeon (Sprint VII: "The Pits").
             The game lasted 00:06:21 (1993 turns).

rocky1 the Blocker (Gnoll Fighter)                  Turns: 1993, Time: 00:06:22

Health: 0/78       AC: 10    Str: 23    XL:     9   Next: 10%
Magic:  19/19      EV:  9    Int: 10    God:    Gozag
Gold:   222        SH:  6    Dex: 12    Spells: 22/22 levels left

rFire   . . .      SeeInvis .   x - +1 broad axe (vorpal)
rCold   + . .      Faith    .   c - +0 buckler
rNeg    . . .      Spirit   .   z - +3 plate armour of the Comet {rPois rC+ Slay+2}
rPois   +          Reflect  .   (no helmet)
rElec   .          Harm     .   b - +0 cloak
rCorr   .          Rampage  .   (no gloves)
Will    .....      NoTele   +   (no boots)
Stlth   ..........              (no amulet)
HPRegen 0.23/turn               p - +3 ring of strength
MPRegen 0.16/turn               q - +3 ring of intelligence

@: corroded, gold aura, on berserk cooldown, slowed, very slow
A: fangs 1, strong nose, distributed training
a: Renounce Religion, Potion Petition, Call Merchant, Bribe Branch


You were in the Dungeon.
You worshipped Gozag.
Gozag was aware of your devotion.
You visited 1 branch You collected 1773 gold pieces.
You spent 924 gold pieces at shops.
You paid 627 gold pieces to Gozag.

Inventory:

Hand Weapons
 a - a +1 flail of protection
 i - a +2 scimitar of flaming
 n - a +2 long sword of flaming
 w - a +2 vorpal scimitar
 x - a +1 vorpal broad axe (weapon)
 y - a +2 vorpal morningstar
Armour
 b - a +0 cloak (worn)
 c - a +0 buckler (worn)
 z - the +3 plate armour of the Comet (worn) {rPois rC+ Slay+2}
   (You bought it in a shop in the Dungeon)

   Slay:      It affects your accuracy & damage with ranged weapons and melee
   (+2).
   rC:        It protects you from cold.
   rPois:     It protects you from poison.
Jewellery
 p - a +3 ring of strength (left hand)
 q - a +3 ring of intelligence (right hand)
Scrolls
 j - a scroll of blinking
 l - 5 scrolls of amnesia
 m - a scroll of summoning
Potions
 d - a potion of might
 e - 7 potions of curing
 f - 5 potions of heal wounds
 g - 2 potions of haste
 h - 4 potions of magic
 k - 2 potions of invisibility
 r - a potion of berserk rage
 s - a potion of brilliance
 t - 2 potions of resistance
 u - a potion of mutation


   Skills:
 + Level 9.8 Fighting
 + Level 7.2 Short Blades
 + Level 8.6 Long Blades
 + Level 7.2 Axes
 + Level 7.2 Maces & Flails
 + Level 7.2 Polearms
 + Level 7.2 Staves
 + Level 7.2 Slings
 + Level 7.2 Bows
 + Level 7.2 Crossbows
 + Level 7.2 Throwing
 + Level 9.8 Armour
 + Level 7.2 Dodging
 + Level 7.2 Stealth
 + Level 9.8 Shields
 + Level 7.2 Unarmed Combat
 + Level 7.2 Spellcasting
 + Level 6.0 Conjurations
 + Level 6.0 Hexes
 + Level 6.0 Summonings
 + Level 6.0 Necromancy
 + Level 6.0 Translocations
 + Level 6.0 Transmutations
 + Level 6.0 Fire Magic
 + Level 6.0 Ice Magic
 + Level 6.0 Air Magic
 + Level 6.0 Earth Magic
 + Level 6.0 Poison Magic
 + Level 7.9 Invocations
 + Level 7.2 Evocations


You had 22 spell levels left.
You didn't know any spells.
Your spell library was empty.

Dungeon Overview and Level Annotations

Branches:
Dungeon (1/1)

Altars:
Ashenzari
Cheibriados
Dithmenos
Elyvilon
Fedhas
Gozag
Hepliaklqana
Kikubaaqudgha
Makhleb
Nemelex Xobeh
Okawaru
Qazlal
Ru
Sif Muna
Trog
Uskayaw
Vehumet
Wu Jian
Xom
Yredelemnul
Zin
The Shining One
Beogh
Jiyva
Lugonu

Shops:
D [


Innate Abilities, Weirdness & Mutations

You have very sharp teeth.
Your uncanny sense of smell can sniff out nearby items.
Your experience applies equally to all skills.


Message History

You hit the hellwing but do no damage. You hit the troll but do no damage.
The warg is no longer distracted by gold.
The warg is distracted by your dazzling golden aura.
The troll bites you but does no damage. The troll claws you!
The troll closely misses you.
The hellwing hits you but does no damage.
The hellwing barely misses you. You block the rust devil's attack.
The orc high priest hits you but does no damage.
The troll bites you but does no damage. You block the troll's attack.
The troll claws you. The hellwing barely misses you. The hellwing hits you.
The chaos spawn is distracted by your dazzling golden aura.
The orc high priest hits you with a +0 mace.
The rust devil hits you. The rust devil corrodes you!
Unknown command.
The warg howls!
You slash the orc high priest!
The orc high priest is severely wounded.
You slash the troll! You hit the hellwing.
You hit the rust devil but do no damage.
You block the troll's attack. The troll claws you. x2
The hellwing completely misses you. You block the hellwing's attack.
The rust devil hits you. The rust devil corrodes you!
The orc high priest mumbles some strange prayers to Beogh against you.
You struggle to resist.
The troll bites you!
* * * LOW HITPOINT WARNING * * *
You block the troll's attack. The troll claws you but does no damage.
The hellwing hits you but does no damage. x2
You closely miss the orc high priest.
The orc high priest is severely wounded.
You closely miss the rust devil. You hit the hellwing but do no damage.
You hit the troll.
The warg is no longer distracted by gold.
The rust devil barely misses you.
The orc high priest hits you with a +0 mace.
* * * LOW HITPOINT WARNING * * *
The troll bites you.
* * * LOW HITPOINT WARNING * * *
The troll claws you!
You die...
Your body crumbles into a pile of gold.

___.#
_...###########++######
###'##................#
))'.##......#..#......#
###.##................+
.....'................+
'#####.∩....#..#......#
.#[[##.........4......#
.#))#####'#####4@######
##))##.......##oT#
.#).##.......##ho4
.#..##.......##....
##'###...<...##...##
....##.......##..##
....##.......##..#
######.......##..#
.#..##########


You could see an orc high priest, a hellwing (summoned), a rust devil
(summoned), a troll, a chaos spawn (summoned), a warg and an orc.

Vanquished Creatures
  An efreet (D)
  A troll (D)
  A polar bear (D)
  A flying skull (D)
  A jumping spider (D)
  Menkaure (D)
  A warg (D)
  An orc warrior (D)
  An ice beast (D)
  A necrophage (D)
  A wolf (D)
  A scorpion (D)
  Crazy Yiuf (D)
  An orc priest (D)
  Jessica (D)
  An orc wizard (D)
  An adder (D)
  A river rat (D)
  An ufetubus (D)
  An endoplasm (D)
  A hobgoblin (D)
  6 jackals (D)
  2 quokkas (D)
  A ball python (D)
  A frilled lizard (D)
  A kobold (D)
32 creatures vanquished.

Notes
Turn   | Place    | Note
-------+----------+-------------------------------------------
     0 | D        | rocky1 the Gnoll Fighter began the quest for the Orb.
     0 | D        | Reached XP level 1. HP: 23/23 MP: 1/1
    21 | D        | Reached skill level 1 in Short Blades
    21 | D        | Reached skill level 1 in Axes
    21 | D        | Reached skill level 1 in Maces & Flails
    21 | D        | Reached skill level 1 in Polearms
    21 | D        | Reached skill level 1 in Staves
    21 | D        | Reached skill level 1 in Slings
    21 | D        | Reached skill level 1 in Bows
    21 | D        | Reached skill level 1 in Crossbows
    21 | D        | Reached skill level 1 in Throwing
    21 | D        | Reached skill level 1 in Dodging
    21 | D        | Reached skill level 1 in Stealth
    21 | D        | Reached skill level 1 in Unarmed Combat
    21 | D        | Reached skill level 1 in Spellcasting
    21 | D        | Reached skill level 1 in Invocations
    21 | D        | Reached skill level 1 in Evocations
    21 | D        | Reached XP level 2. HP: 13/29 MP: 1/3
   200 | D        | Found a bloodstained altar of Trog.
   200 | D        | Found a shimmering blue altar of Sif Muna.
   200 | D        | Found a viscous altar of Jiyva.
   200 | D        | Found a hazy altar of Hepliaklqana.
   200 | D        | Found an opulent altar of Gozag.
   201 | D        | Found a glowing golden altar of the Shining One.
   201 | D        | Found a glowing silver altar of Zin.
   201 | D        | Found a basalt altar of Yredelemnul.
   201 | D        | Found a shimmering altar of Xom.
   201 | D        | Found an ornate altar of the Wu Jian Council.
   201 | D        | Found a sacrificial altar of Ru.
   201 | D        | Found a stormy altar of Qazlal.
   201 | D        | Found an iron altar of Okawaru.
   201 | D        | Found a sparkling altar of Nemelex Xobeh.
   201 | D        | Found a burning altar of Makhleb.
   201 | D        | Found a blossoming altar of Fedhas.
   201 | D        | Found a white marble altar of Elyvilon.
   201 | D        | Found a shadowy altar of Dithmenos.
   201 | D        | Found a snail-covered altar of Cheibriados.
   203 | D        | Found a radiant altar of Vehumet.
   203 | D        | Found a corrupted altar of Lugonu.
   204 | D        | Found a hide-covered altar of Uskayaw.
   204 | D        | Found an ancient bone altar of Kikubaaqudgha.
   204 | D        | Found a broken altar of Ashenzari.
   208 | D        | Became a worshipper of Gozag Ym Sagoz the Greedy
   253 | D        | Reached skill level 1 in Conjurations
   253 | D        | Reached skill level 1 in Hexes
   253 | D        | Reached skill level 1 in Summonings
   253 | D        | Reached skill level 1 in Necromancy
   253 | D        | Reached skill level 1 in Translocations
   253 | D        | Reached skill level 1 in Transmutations
   253 | D        | Reached skill level 1 in Fire Magic
   253 | D        | Reached skill level 1 in Ice Magic
   253 | D        | Reached skill level 1 in Air Magic
   253 | D        | Reached skill level 1 in Earth Magic
   253 | D        | Reached skill level 1 in Poison Magic
   487 | D        | Noticed a scorpion
   500 | D        | Reached XP level 3. HP: 27/35 MP: 5/5
   505 | D        | Killed a scorpion
   506 | D        | Reached skill level 5 in Long Blades
   506 | D        | Reached XP level 4. HP: 11/43 MP: 5/8
   843 | D        | Noticed a flying skull
   844 | D        | Noticed Crazy Yiuf
   849 | D        | Noticed a necrophage
   861 | D        | Killed a flying skull
   862 | D        | Reached XP level 5. HP: 41/49 MP: 8/11
   862 | D        | Reached XP level 6. HP: 47/56 MP: 8/12
   867 | D        | Killed Crazy Yiuf
   876 | D        | Killed a necrophage
   877 | D        | Reached skill level 5 in Invocations
  1234 | D        | Noticed a polar bear
  1241 | D        | Killed a polar bear
  1242 | D        | Reached skill level 5 in Short Blades
  1242 | D        | Reached skill level 5 in Axes
  1242 | D        | Reached skill level 5 in Maces & Flails
  1242 | D        | Reached skill level 5 in Polearms
  1242 | D        | Reached skill level 5 in Staves
  1242 | D        | Reached skill level 5 in Slings
  1242 | D        | Reached skill level 5 in Bows
  1242 | D        | Reached skill level 5 in Crossbows
  1242 | D        | Reached skill level 5 in Throwing
  1242 | D        | Reached skill level 5 in Dodging
  1242 | D        | Reached skill level 5 in Stealth
  1242 | D        | Reached skill level 5 in Unarmed Combat
  1242 | D        | Reached skill level 5 in Spellcasting
  1242 | D        | Reached skill level 5 in Evocations
  1242 | D        | Reached XP level 7. HP: 61/63 MP: 13/15
  1342 | D        | Noticed Menkaure
  1342 | D        | Noticed Jessica
  1352 | D        | Killed Menkaure
  1357 | D        | Reached skill level 5 in Conjurations
  1357 | D        | Reached skill level 5 in Hexes
  1357 | D        | Reached skill level 5 in Summonings
  1357 | D        | Reached skill level 5 in Necromancy
  1357 | D        | Reached skill level 5 in Translocations
  1357 | D        | Reached skill level 5 in Transmutations
  1357 | D        | Reached skill level 5 in Fire Magic
  1357 | D        | Reached skill level 5 in Ice Magic
  1357 | D        | Reached skill level 5 in Air Magic
  1357 | D        | Reached skill level 5 in Earth Magic
  1357 | D        | Reached skill level 5 in Poison Magic
  1357 | D        | Reached XP level 8. HP: 50/71 MP: 15/17
  1357 | D        | Killed Jessica
  1455 | D        | Noticed a jumping spider
  1455 | D        | Noticed an efreet
  1473 | D        | Killed an efreet
  1500 | D        | Killed a jumping spider
  1850 | D        | Bought a pitted plate armour for 924 gold pieces
  1850 | D        | Identified the +3 plate armour of the Comet {rPois rC+
                  | Slay+2} (You bought it in a shop in the Dungeon)
  1974 | D        | Noticed an orc high priest
  1975 | D        | Noticed a troll
  1976 | D        | Noticed a troll
  1984 | D        | Noticed a hellwing
  1988 | D        | Killed a troll
  1989 | D        | Reached XP level 9. HP: 17/78 MP: 19/19
  1991 | D        | Noticed a rust devil
  1993 | D        | Slain by a troll

Illustrated notes

Levels and vault maps discovered:
D:        pitsprint [storerooms_1, entrance_room_1, metal_vault_6, armoury_2,
          mini_pit_1, grid_room_1, main_hall_1, silver_pit, the_coven_1,
          the_vestibule_1, steel_vault_1, golden_pit, hallway_of_sentries,
          crystal_vault_2, iron_vault_1, final_vault]

Skill      XL: |  1  2  3  4  5  6  7  8 |
---------------+-------------------------+-----
Short Blades   | 1 2 4 5 6 7 |  7.2
Axes           | 1 2 4 5 6 7 |  7.2
Maces & Flails | 1 2 4 5 6 7 |  7.2
Polearms       | 1 2 4 5 6 7 |  7.2
Staves         | 1 2 4 5 6 7 |  7.2
Slings         | 1 2 4 5 6 7 |  7.2
Bows           | 1 2 4 5 6 7 |  7.2
Crossbows      | 1 2 4 5 6 7 |  7.2
Throwing       | 1 2 4 5 6 7 |  7.2
Dodging        | 1 2 4 5 6 7 |  7.2
Stealth        | 1 2 4 5 6 7 |  7.2
Unarmed Combat | 1 2 4 5 6 7 |  7.2
Spellcasting   | 1 2 4 5 6 7 |  7.2
Invocations    | 1 3 4 6 7 |  7.9
Evocations     | 1 2 4 5 6 7 |  7.2
Conjurations   | 1 2 3 4 5 6 |  6.0
Hexes          | 1 2 3 4 5 6 |  6.0
Summonings     | 1 2 3 4 5 6 |  6.0
Necromancy     | 1 2 3 4 5 6 |  6.0
Translocations | 1 2 3 4 5 6 |  6.0
Transmutations | 1 2 3 4 5 6 |  6.0
Fire Magic     | 1 2 3 4 5 6 |  6.0
Ice Magic      | 1 2 3 4 5 6 |  6.0
Air Magic      | 1 2 3 4 5 6 |  6.0
Earth Magic    | 1 2 3 4 5 6 |  6.0
Poison Magic   | 1 2 3 4 5 6 |  6.0
Fighting       | 7 8 9 |  9.8
Long Blades    | 5 6 7 8 |  8.6
Armour         | 7 8 9 |  9.8
Shields        | 7 8 9 |  9.8

Action                   |  1- 3 |  4- 6 |  7- 9 || total
-------------------------+-------+-------+-------++-------
Melee: Long sword        |    47 |    33 |    34 ||   114
       Bite              |     3 |     5 |     7 ||    15
       Broad axe         |       |       |    10 ||    10
       Scimitar          |       |       |     5 ||     5
Invok: Call Merchant     |       |       |     1 ||     1
  Use: Potion            |       |     2 |     5 ||     7
 Stab: Distracted        |     1 |     1 |     1 ||     3
Armor: Scale mail        |    19 |       |       ||    19
       Chain mail        |       |    21 |    36 ||    57
       Plate armour      |       |       |    24 ||    24
Dodge: Dodged            |    20 |     9 |    34 ||    63
Block: Buckler           |    16 |    14 |    35 ||    65

Table legend: (Time is in decaauts)
 A = Elapsed time spent in this place.
 B = Non-inter-level travel time spent in this place.
 C = Inter-level travel time spent in this place.
 D = Time resting spent in this place.
 E = Time spent auto-exploring this place.
 F = Levels seen in this place.
 G = Mean time per level.
                   A        B        C        D        E       F      G
               +--------+--------+--------+--------+--------+-----+--------+
         Total |   2027 |   1962 |     65 |   1429 |      0 |   1 | 2027.0 |
       Dungeon |   2027 |   1962 |     65 |   1429 |      0 |   1 | 2027.0 |
               +--------+--------+--------+--------+--------+-----+--------+

Top non-repeatable levels by time:
       D: 2027 daAuts
